AoeStats
← Snobyman

Oasis

509583770Analyzed
4v4 RM · 6d ago on Sep 27, 2026· 64m 8s· 8 players
Game mode
Random Map
Map size
Large (8 player)
Population
200
Speed
Normal
Resources
Standard
Victory
Conquest
Starting age
Dark Age
Ending age
Imperial Age
RankedLock teamsTeams togetherTeam positionsShared explorationLock speedFull tech treeHidden civsTurbo modeCheats
Victory
Defeat
🇨🇿 Bohemians · Czechia
724
+5
🇹🇷 Maya · Türkiye
698
+5
🇫🇷 Varangians · France
657
+6
🇨🇳 Britons · China
624
+7
🇦🇺 Khmer · Australia
444
-7
🇹🇷 Turks · Türkiye
435
-6
🇹🇷 Varangians · Türkiye
424
-6
🇨🇳 Jurchens · China
354
-4
Elite Savage
李靖
0:44 Loom
12:03 Feudal Age
16:17 Castle Age
14:51 Double-Bit Axe
14:59 Stone Mining
14:59 Gold Mining
28:59 Bloodlines
28:53 Husbandry
30:21 Wheelbarrow
29:32 Town Watch
30:57 Town Patrol
30:57 Light Cavalry
34:22 Imperial Age
32:34 Hand Cart
33:12 Forging
33:08 Scale Barding Armor
32:54 Fletching
33:05 Padded Archer Armor
33:05 Scale Mail Armor
33:11 Vendel Legacy
34:56 Iron Casting
34:27 Scale Mail Armor
34:27 Padded Archer Armor
34:18 Fletching
35:13 Chain Barding Armor
35:30 Conscription
34:33 Cavalier
35:00 Capped Ram
36:06 Gold Mining
36:51 Stone Shaft Mining
36:06 Gold Mining
36:51 Stone Shaft Mining
36:06 Gold Mining
36:51 Stone Shaft Mining
36:06 Gold Mining
36:04 Siege Ram
36:55 Onager
39:13 Plate Barding Armor
39:39 Blast Furnace
39:41 Fletching
43:25 Gothikon
43:36 Elite Varangian Guard
44:02 Arson
44:18 Squires
43:38 Pikeman
44:03 Hussar
44:46 Scale Mail Armor
44:41 Bodkin Arrow
45:42 Bow Saw
45:02 Heavy Scorpion
46:06 Bracer
46:06 Padded Archer Armor
46:22 Chain Mail Armor
49:47 Caravan
51:23 Plate Mail Armor
51:09 Leather Archer Armor
54:23 Ring Archer Armor
54:00 Siege Engineers
54:06 Masonry
53:36 Treadmill Crane
54:58 Chemistry
53:54 Murder Holes
54:10 Fortified Wall
54:49 Horse Collar
60:05 Ballistics
59:36 Guard Tower
60:17 Architecture
Snobyman
12:12 Loom
16:57 Feudal Age
19:02 Wheelbarrow
18:18 Double-Bit Axe
18:22 Horse Collar
20:22 Gold Mining
20:22 Stone Mining
26:05 Castle Age
29:51 Imperial Age
27:38 Hand Cart
28:06 Stone Shaft Mining
28:14 Gold Shaft Mining
27:48 Heavy Plow
28:10 Bow Saw
30:52 Caravan
31:23 Coinage
32:50 Crop Rotation
34:57 Tusk Swords
37:21 Chemistry
36:42 Ballistics
36:12 Heated Shot
36:34 Masonry
36:37 Fortified Wall
36:22 Murder Holes
36:32 Scale Mail Armor
38:44 Double Crossbow
38:46 Guard Tower
39:06 Scale Barding Armor
40:59 Elite Ballista Elephant
42:06 Chain Barding Armor
41:37 Fletching
41:47 Padded Archer Armor
43:07 Banking
44:43 Conscription
43:54 Sappers
44:59 Hoardings
50:10 Architecture
ciguli
13:44 Feudal Age
16:21 Double-Bit Axe
20:31 Gold Mining
29:53 Castle Age
27:52 Horse Collar
31:44 Stone Mining
32:01 Heavy Plow
32:16 Bow Saw
32:50 Coinage
35:31 Thumb Ring
35:35 Padded Archer Armor
35:35 Scale Mail Armor
36:41 Gold Shaft Mining
44:57 Imperial Age
43:37 Siphons
45:25 Fletching
45:50 Leather Archer Armor
45:51 Chain Mail Armor
45:41 Scale Barding Armor
45:47 Forging
47:33 Parthian Tactics
46:42 Elite Janissary
49:14 Two-Man Saw
52:51 Heavy Scorpion
53:51 Squires
56:27 Heavy Camel Rider
57:47 Sipahi
57:11 Cavalier
57:52 Husbandry
58:56 Chain Barding Armor
59:06 Plate Mail Armor
59:07 Ring Archer Armor
58:32 Bodkin Arrow
59:13 Iron Casting
firstwj
0:36 Loom
11:51 Feudal Age
24:10 Castle Age
23:23 Double-Bit Axe
28:00 Caravan
27:46 Horse Collar
28:17 Bow Saw
28:23 Man-at-Arms
28:49 Gambesons
29:05 Squires
28:51 Arson
32:33 Stone Mining
32:36 Gold Mining
33:26 Fortified Wall
32:58 Treadmill Crane
34:50 Gold Shaft Mining
35:21 Wheelbarrow
34:35 Town Watch
35:20 Ballistics
35:11 Masonry
38:10 Imperial Age
36:20 Murder Holes
36:44 Forging
36:35 Scale Mail Armor
36:26 Fletching
36:37 Padded Archer Armor
37:30 Hand Cart
37:18 Heavy Plow
37:31 Pikeman
39:58 Chemistry
39:29 Architecture
39:05 Siege Engineers
39:26 Conscription
38:34 Heavy Scorpion
40:21 Two-Man Saw
39:55 Halberdier
43:07 Iron Casting
42:48 Chain Mail Armor
45:39 Warwolf
45:50 Town Patrol
49:48 Blast Furnace
49:18 Plate Mail Armor
49:47 Onager
Cortemilia
12:20 Feudal Age
13:09 Horse Collar
13:19 Double-Bit Axe
19:43 Castle Age
18:05 Gold Mining
18:33 Stone Mining
21:52 Bow Saw
22:18 Stone Shaft Mining
21:46 Heavy Plow
22:32 Wheelbarrow
23:16 Loom
28:46 Hand Cart
29:19 Eagle Warrior
29:20 Pikeman
30:00 Squires
29:46 Arson
30:44 Forging
30:34 Scale Mail Armor
31:24 Caravan
31:55 Coinage
36:35 Imperial Age
34:44 Hul'che Javelineers
36:16 Iron Casting
35:56 Chain Mail Armor
38:08 Holcans
37:59 Conscription
38:34 Banking
38:14 Guilds
37:36 Elite Eagle Warrior
37:36 Halberdier
38:16 Squires
39:32 Hoardings
38:29 Sappers
40:38 Blast Furnace
40:08 Plate Mail Armor
41:10 Two-Man Saw
40:44 Crop Rotation
42:24 Elite Plumed Archer
43:38 Treadmill Crane
44:09 Masonry
44:19 Ballistics
45:00 Chemistry
43:50 Heated Shot
46:38 Architecture
46:04 Murder Holes
46:20 Fortified Wall
50:18 Fletching
50:28 Padded Archer Armor
52:50 Bodkin Arrow
53:10 Leather Archer Armor
60:03 Bracer
60:33 Ring Archer Armor
62:33 Guard Tower
Kapitan Klak
2:11 Loom
12:10 Feudal Age
12:41 Double-Bit Axe
22:46 Horse Collar
27:44 Castle Age
28:46 Bow Saw
28:40 Heavy Plow
30:32 Pikeman
31:54 Fortified Wall
31:56 Masonry
31:48 Town Watch
37:25 Squires
38:36 Chemistry
44:10 Imperial Age
42:43 Scale Mail Armor
42:54 Forging
45:22 Conscription
47:39 Murder Holes
50:30 Two-Man Saw
53:09 Wagenburg Tactics
54:28 Wheelbarrow
56:01 Siege Engineers
56:26 Architecture
57:18 Arson
57:25 Halberdier
58:31 Chain Mail Armor
58:51 Iron Casting
58:30 Town Patrol
58:46 Hand Cart
Hannibal Barca
0:46 Loom
14:08 Feudal Age
14:32 Horse Collar
15:29 Wheelbarrow
14:43 Double-Bit Axe
17:24 Town Watch
21:02 Gold Mining
21:05 Stone Mining
28:25 Castle Age
28:11 Bloodlines
28:15 Forging
28:11 Scale Barding Armor
29:23 Hand Cart
29:10 Heavy Plow
29:24 Bow Saw
29:52 Stone Shaft Mining
29:20 Husbandry
29:41 Caravan
30:41 Fervor
30:56 Fervor
35:23 Imperial Age
34:56 Town Patrol
35:57 Forging
35:53 Scale Barding Armor
36:35 Crop Rotation
37:10 Two-Man Saw
37:53 Forging
37:49 Scale Barding Armor
38:07 Conscription
42:08 Iron Casting
43:21 Chain Barding Armor
44:02 Blast Furnace
45:01 Plate Barding Armor
45:16 Ballistics
44:51 Murder Holes
45:07 Fortified Wall
46:20 Elite Jarl
46:34 Gothikon
47:08 Vendel Legacy
52:31 Onager
55:03 Masonry
54:59 Siege Engineers
56:41 Arson
56:57 Squires
56:42 Gambesons
57:30 Architecture
56:41 Treadmill Crane
58:03 Chemistry
59:03 Coinage
58:44 Guilds
58:40 Atonement
59:06 Illumination
58:41 Devotion
59:17 Theocracy
58:37 Herbal Medicine
58:48 Padded Archer Armor
58:49 Scale Mail Armor
58:39 Fletching
58:42 Heated Shot
58:43 Guard Tower
60:39 Banking
Connection lost

Rejoining the realm…

Still unreachable

The connection could not be restored.

Session expired

The server has moved on; the page needs a fresh start.